 Dungeon Crawl Stone Soup version 0.30.1-4-g462c640d31 (webtiles) character file.

Game seed: 8555852163551556682

397 cdecastro the Cudgeller (level 6, -4/51 HPs)
             Began as an Armataur Warper on Aug 10, 2023.
             Shot with an arrow by a centaur (6 damage)
             ... on level 7 of the Dungeon on Sept 6, 2023.
             The game lasted 00:08:18 (3648 turns).

cdecastro the Cudgeller (Armataur Warper)           Turns: 3648, Time: 00:08:19

Health: -4/51      AC:  6    Str: 19    XL:     6   Next: 53%
Magic:  8/8        EV:  8    Int: 13    God:
Gold:   242        SH:  0    Dex:  9    Spells: 8/8 levels left

rFire   . . .        z - +0 flail
rCold   . . .        (no shield)
rNeg    . . .        y - +1 ring mail {Will+}
rPois   .            (no helmet)
rElec   .            (no cloak)
rCorr   .            (no gloves)
SInv    .            (no barding)
Will    +....        (no amulet) Stlth
                     (no ring)
HPRegen 0.28/turn    (no ring)
MPRegen 0.11/turn

%: roll
@: invisible
A: large, rugged brown scales 3, deformed body, armoured tail, roll, long
tongue, awkward tongue
a: no special abilities


You were on level 7 of the Dungeon.
You visited 1 branch of the dungeon, and saw 5 of its levels.

You collected 242 gold pieces.

Inventory:

Hand Weapons
 a - a +0 mace
 z - a +0 flail (weapon)
Missiles
 d - 6 boomerangs of dispersal
 p - 5 silver boomerangs
 x - 4 poisoned darts (quivered)
Armour
 b - a +0 leather armour
 n - a +0 chain mail
 y - a +1 ring mail of willpower (worn)
Jewellery
 e - a ring of fire
 j - an amulet of faith
Wands
 h - a wand of flame (19)
Scrolls
 c - a scroll of blinking
 f - 2 scrolls of fear {unknown}
 g - 2 scrolls of brand weapon {unknown}
 k - 3 scrolls of vulnerability {unknown}
 o - a scroll of teleportation {unknown}
 q - a scroll of magic mapping {unknown}
 r - 2 scrolls of enchant armour {unknown}
 s - a scroll of enchant weapon {unknown}
 u - a scroll of acquirement {unknown}
Potions
 i - a potion of attraction {unknown}
 l - a potion of might {unknown}
 m - 2 potions of curing {unknown}
 t - 3 potions of flight
 v - 2 potions of mutation
 w - a potion of heal wounds {unknown}


   Skills:
 - Level 1.7 Fighting
 + Level 6.4 Maces & Flails
 - Level 0.8 Throwing
 - Level 1.2 Armour
 - Level 1.3 Dodging
 - Level 1.7 Spellcasting
 - Level 3.0 Translocations


You had 8 spell levels left.
You didn't know any spells.
Your spell library contained the following spells:

 Spells                   Type           Power      Damage    Failure   Level
 Blink                    Tloc           16%        N/A       21%         2
 Lesser Beckoning         Tloc           16%        N/A       21%         2
 Teleport Other           Tloc           8%         N/A       36%         3
 Vhi's Electric Charge    Tloc/Air       10%        N/A       58%         3
 Volatile Blastmotes      Fire/Tloc      10%        2d10      58%         3
 Manifold Assault         Tloc           8%         N/A       78%         4
 Dazzling Flash           Conj/Hex       2%         N/A       80%         3
 Iskenderun's Mystic Bla  Conj/Tloc      5%         2d3       94%         4
 Starburst                Conj/Fire      0%         6d3       100%        6


Dungeon Overview and Level Annotations

Branches:
Dungeon (4/15)
 Temple: D:4-7

Altars:

Annotations:
D:4 Dowan, Duvessa


Innate Abilities, Weirdness & Mutations

You are completely covered in rugged brown scales. (AC +3, +7% HP)
Armour fits poorly on your strangely shaped body.
You have a long armoured tail.
You roll when moving toward enemies. (Rampage)
Your long tongue fully drains potion bottles. (2x potion effects)
Your tongue gives you trouble enunciating. (1.5x scroll delay)


Message History

The arrow completely misses you.
The centaur shoots an arrow.
The arrow hits you.
You hear a shout!
A centaur comes into view.
The centaur shouts!
The centaur wields a +0 shortbow.
The centaur shoots an arrow.
The arrow hits you!
The centaur shoots an arrow.
The arrow closely misses you.
You roll towards the centaur!
The centaur unwields a +0 shortbow.
The centaur hits you but does no damage.
The centaur kicks you.
The centaur shoots an arrow.
The arrow hits you!
* * * LOW HITPOINT WARNING * * *
The centaur hits you but does no damage.
The centaur barely misses you.
You thump the centaur! You tail-slap the centaur.
The centaur is severely wounded.
The centaur shoots an arrow.
The arrow hits you.
* * * LOW HITPOINT WARNING * * *
The centaur hits you but does no damage.
The centaur kicks you but does no damage.
Unknown command.
You barely miss the centaur.
The centaur is severely wounded.
The centaur shoots an arrow.
The arrow hits you!
* * * LOW HITPOINT WARNING * * *
The centaur closely misses you.
The centaur kicks you but does no damage.
The centaur shoots an arrow.
The arrow closely misses you.
The centaur hits you but does no damage.
The centaur kicks you but does no damage.
You hit the centaur.
The centaur is almost dead.
The centaur shoots an arrow.
The arrow hits you!
* * * LOW HITPOINT WARNING * * *
The centaur hits you but does no damage.
The centaur closely misses you. x2
The centaur kicks you but does no damage.
You fade into invisibility!
You slurp down every last drop of the potion of invisibility!
The centaur shoots an arrow.
The arrow hits you.
You die...

##.
...#######
###.......###
...........
#.c.....#
#.......#
#..c....#
#.@.....#
###.......#
#.........#
#...#######
#...# #...#
#...# #...#
#####


You could see 2 centaurs.

Vanquished Creatures
  Sigmund (D:4)
  A hound (D:3)
  A gnoll bouda (D:4)
  Ijyb (D:3)
  An orc wizard (D:4)
  4 gnolls (D:3)
  3 adders
  3 worms
  A dart slug (D:4)
  An orc (D:4)
  5 endoplasms
  5 giant cockroaches
  4 goblins (D:1)
  6 hobgoblins
  3 quokkas
  6 ball pythons
  A bat (D:1)
  2 frilled lizards
  7 kobolds
  6 rats
62 creatures vanquished.

Notes
Turn   | Place    | Note
-------+----------+-------------------------------------------
     0 | D:1      | cdecastro the Armataur Warper began the quest for the Orb.
     0 | D:1      | Reached XP level 1. HP: 18/18 MP: 3/3
    73 | D:1      | Reached skill level 2 in Maces & Flails
   209 | D:1      | Reached XP level 2. HP: 17/22 MP: 4/4
   587 | D:1      | Reached skill level 3 in Maces & Flails
   945 | D:2      | Reached XP level 3. HP: 27/31 MP: 5/5
  2182 | D:3      | Noticed Ijyb
  2210 | D:3      | Killed Ijyb
  2211 | D:3      | Reached skill level 4 in Maces & Flails
  2211 | D:3      | Reached XP level 4. HP: 9/38 MP: 6/6
  2878 | D:4      | Noticed Dowan
  3009 | D:3      | Reached XP level 5. HP: 22/43 MP: 7/7
  3185 | D:3      | Reached skill level 5 in Maces & Flails
  3375 | D:4      | Noticed Duvessa
  3576 | D:4      | Noticed Sigmund
  3594 | D:4      | Killed Sigmund
  3595 | D:4      | Reached skill level 6 in Maces & Flails
  3595 | D:4      | Reached XP level 6. HP: 44/51 MP: 8/8
  3625 | D:4      | You fall into a shaft and drop 3 floors!
  3647 | D:7      | HP: 2/51 [centaur/arrow (10)]
  3648 | D:7      | Shot with an arrow by a centaur

Illustrated notes

Levels and vault maps discovered:
D:1:      tarquinn_simple_flora_water_f, layout_loops_ring,
          corexii_leaking_fountain
D:2:      layout_loops_ring, kennysheep_nondescript,
          dreamdust_princess_corridor, kennysheep_potato
D:3:      layout_basic, corexii_item_surrounded_by_moat, uniq_ijyb
D:4:      layout_basic, kennysheep_generic_room_14, uniq_duvessa, uniq_grinder,
          uniq_sigmund
D:7:      layout_basic, overflow_temple_1_default, lemuel_doored_altar,
          dk_rats_in_the_wall

Skill      XL: |  1  2  3  4  5 |
---------------+----------------+-----
Maces & Flails | 2 3 4 6 |  6.4
Fighting       | |  1.7
Throwing       | |  0.8
Armour         | |  1.2
Dodging        | |  1.3
Spellcasting   | |  1.7
Translocations | |  3.0

Action                     |  1- 3 |  4- 6 || total
---------------------------+-------+-------++-------
  Melee: Mace              |   132 |    45 ||   177
         Tailslap          |     8 |    11 ||    19
         Punch             |     1 |       ||     1
         Flail             |       |    46 ||    46
  Throw: Dart              |     4 |     5 ||     9
         Boomerang         |     1 |       ||     1
    Use: Scroll            |       |     3 ||     3
         Potion            |       |     1 ||     1
   Stab: Sleeping          |     1 |       ||     1
 Armour: Leather armour    |    24 |       ||    24
         Chain mail        |    27 |       ||    27
         Ring mail         |       |    43 ||    43
  Dodge: Dodged            |    39 |    61 ||   100
